 Dungeon Crawl Stone Soup version 0.22-a0-447-gee5f723 (webtiles) character file.

170 Sergey the Ruffian (level 5, -5/26 HPs)
             Began as a Vine Stalker Skald on June 3, 2018.
             Slain by Prince Ribbit (7 damage)
             ... on level 5 of the Dungeon.
             The game lasted 00:08:57 (1222 turns).

Sergey the Ruffian (Vine Stalker Skald)             Turns: 1222, Time: 00:08:57

Health: -5/26      AC:  6    Str: 13 (14) XL:     5   Next: 51%
Magic:  0/9        EV: 12    Int: 14      God:
Gold:   163        SH:  0    Dex: 18      Spells: 2/8 levels left

rFire    . . .     SeeInvis .     - Unarmed
rCold    . . .     Gourm    .   (no shield)
rNeg     . . .     Faith    .   a - +0 leather armour
rPois    .         Spirit   +   (no helmet)
rElec    .         Reflect  .   (no cloak)
rCorr    .         Harm     .   (no gloves)
MR       .....                  e - +0 pair of boots
Stlth    +.........             (no amulet)
HPRegen  0.88/turn              n - +2 ring of protection (curse)
MPRegen  0.11/turn              i - +5 ring of dexterity

@: no status effects
A: fangs 2, blink, regeneration 2, magic shield, antimagic bite, no potion heal
3, rot immunity
a: Blink


You were on level 5 of the Dungeon.
You were hungry.

You visited 1 branch of the dungeon, and saw 5 of its levels.

You collected 163 gold pieces.

Inventory:

Hand Weapons
 s - a +0 hunting sling
Missiles
 f - 78 arrows
 l - 65 stones (quivered)
Armour
 a - a +0 leather armour (worn)
 e - a +0 pair of boots (worn)
 h - a +0 ring mail
Jewellery
 d - an uncursed ring of loudness
 i - a +5 ring of dexterity (right hand)
 n - a cursed +2 ring of protection (left hand)
Scrolls
 k - a scroll of fear
 o - 4 scrolls of amnesia
Potions
 b - a potion of curing {@q2}
Comestibles
 c - 13 rations


   Skills:
 - Level 1.7 Fighting
 - Level 0.7 Armour
 - Level 1.5 Dodging
 * Level 5.0 Unarmed Combat
 - Level 2.1 Spellcasting
 - Level 3.0 Charms
 - Level 2.0 Necromancy


You had 2 spell levels left.
You knew the following spells:

 Your Spells              Type           Power        Failure   Level  Hunger
a - Infusion              Chrm           #...         9%          1    #......
f - Regeneration          Chrm/Necr      #.........   32%         3    ###....
x - Song of Slaying       Chrm           #.......     13%         2    ###....

Your spell library contained the following spells:

 Spells                   Type           Power        Failure   Level  Hunger
 Shroud of Golubria       Chrm/Tloc      #.........   24%         2    ###....
 Spectral Weapon          Hex/Chrm       #.......     43%         3    ###....


Dungeon Overview and Level Annotations

Branches:
Dungeon (5/15)
 Temple: D:4-7

Altars:

Annotations:
D:5 Prince Ribbit


Innate Abilities, Weirdness & Mutations

You have extremely sharp teeth.
You heal very quickly.
When hurt, damage is shared between your health and your magic reserves.
Your bite disrupts and absorbs the magic of your enemies.
Potions cannot restore your health.
You are immune to rotting.
You can translocate small distances at will.


Message History

Your skin stops crawling.
Something unseen opens the door.
You aren't carrying any items that you can evoke.
Unknown command.
Your magical infusion is running out.
Things that are here:
a club; an orc corpse You punch Prince Ribbit!
Prince Ribbit is heavily wounded.
Prince Ribbit hits you!
You completely miss Prince Ribbit.
You bite Prince Ribbit, but do no damage.
Prince Ribbit is heavily wounded.
Prince Ribbit sighs, "It's not easy being green!"
Prince Ribbit hits you!
Ouch! That really hurt!
* * * LOW HITPOINT WARNING * * *
You are no longer magically infusing your attacks.
Prince Ribbit hits you!
You die...

.....# #...... ....# #......
#+#.#.# #..F... # #.#...#.
#...... .. #.
#.....#.##########......
...#.######.#.#..........'......
...#..........###o....####...o..
..........#.##.F).....# #......
.............#@#......# #......
..........#....#......# #......
..........#.####......# #......
..........#...........# ##.####
..........#######.....#####.#
..........................#
##########..#####.....###.#
#....#.........'.#.#
#.##...........###.#


You could see Prince Ribbit and an orc.

Vanquished Creatures
  An orc priest (D:4)
  2 worker ants (D:4)
  A howler monkey skeleton (D:4)
  An adder (D:3)
  2 oozes (D:2)
  3 worms
  3 leopard geckos
  4 orcs
  A ball python (D:3)
  5 bats
  2 giant cockroaches (D:1)
  4 goblins
  2 hobgoblins
  7 jackals
  A quokka (D:3)
  4 frilled lizards
  4 kobolds
  6 rats
53 creatures vanquished.

Notes
Turn   | Place    | Note
-------+----------+-------------------------------------------
     0 | D:1      | Sergey the Vine Stalker Skald began the quest for the Orb.
     0 | D:1      | Reached XP level 1. HP: 11/11 MP: 4/4
   197 | D:1      | Reached XP level 2. HP: 13/15 MP: 6/6
   209 | D:1      | Learned a level 2 spell: Song of Slaying
   337 | D:2      | Reached skill level 3 in Unarmed Combat
   416 | D:3      | Reached XP level 3. HP: 18/18 MP: 7/7
   509 | D:3      | Learned a level 3 spell: Regeneration
   623 | D:4      | Reached skill level 4 in Unarmed Combat
   623 | D:4      | Gained mutation: Your natural rate of healing is unusually fast. [Vine Stalker growth]
   623 | D:4      | Reached XP level 4. HP: 23/23 MP: 0/8
   634 | D:4      | Reached skill level 1 in Necromancy
   638 | D:4      | Reached XP level 5. HP: 23/26 MP: 7/9
   670 | D:5      | Entered Level 5 of the Dungeon
  1051 | D:2      | Reached skill level 5 in Unarmed Combat
  1133 | D:5      | Gained mutation: You can translocate small distances at will. [potion of mutation]
  1133 | D:5      | Gained mutation: You are dopey. (Int -2) [potion of mutation]
  1133 | D:5      | Lost mutation: You are dopey. (Int -2) [potion of mutation]
  1133 | D:5      | Gained mutation: You heal very quickly. [potion of mutation]
  1201 | D:5      | Noticed Prince Ribbit
  1221 | D:5      | HP: 1/26 [Prince Ribbit (13)]
  1222 | D:5      | Slain by Prince Ribbit

Vault maps used:
D:1:      onia_arrival_pyramid
D:2:      overflow_temple_1_default
D:4:      minmay_temple_entry_grid, first_ration, uniq_natasha
D:5:      lemuel_round_altar, uniq_prince_ribbit1

Skill      XL: |  1  2  3  4  5 |
---------------+----------------+-----
Unarmed Combat | 3 4 5 |  5.0
Necromancy     | 1 2 |  2.0
Fighting       | |  1.7
Armour         | |  0.7
Dodging        | |  1.5
Spellcasting   | |  2.1
Charms         | |  3.0

Action                   |  1- 3 |  4- 6 || total
-------------------------+-------+-------++-------
Melee: Unarmed           |    75 |    69 ||   144
       Bite              |    17 |    16 ||    33
       Punch             |     1 |     2 ||     3
 Fire: Hunting sling     |    12 |       ||    12
 Cast: Infusion          |     7 |    10 ||    17
       Song of Slaying   |     1 |       ||     1
       Regeneration      |       |     1 ||     1
  Use: Scroll            |     2 |     6 ||     8
       Potion            |     2 |     1 ||     3
  Eat: Chunk             |       |     1 ||     1
Armor: Leather armour    |    24 |    20 ||    44
Dodge: Dodged            |    38 |    35 ||    73

Table legend:
 A = Spawn XP
 B = Non-spawn XP
 C = Spawn XP percentage of total XP
 D = Spawn monster count
 E = Non-spawn monster count
 F = Spawn count percentage of total count
 G = Total turns spent on level
                    A         B        C        D         E        F      G
               +---------+---------+-------+---------+---------+-------+---------
         Total |       0 |     244 |   0.0 |       0 |      53 |   0.0 |  1222
               +---------+---------+-------+---------+---------+-------+---------
           D:1 |       0 |      19 |   0.0 |       0 |      13 |   0.0 |   380
           D:2 |       0 |      39 |   0.0 |       0 |      13 |   0.0 |   176
           D:3 |       0 |      43 |   0.0 |       0 |      15 |   0.0 |   438
           D:4 |       0 |     140 |   0.0 |       0 |      11 |   0.0 |   134
           D:5 |       0 |       3 |   0.0 |       0 |       1 |   0.0 |    94
               +---------+---------+-------+---------+---------+-------+---------
